Red Wings vs Blue Jackets
Created - March 5, 2022 at 23:20
Goals
|
| Red Wings |
0 |
2 |
0 |
0 |
1 |
3 |
| Blue Jackets |
1 |
0 |
1 |
0 |
0 |
2 |
|
Shots
|
| Red Wings |
18 |
8 |
8 |
3 |
3 |
37 |
| Blue Jackets |
7 |
7 |
12 |
0 |
3 |
26 |
|
1st period
1. Blue Jackets , Devin Setoguchi 8 (Pavel Datsyuk 6) at 11:06
Penalties :
Eric Wellwood (Clb) for Tripping (Minor) at 8:49, Artemi Panarin (Clb) for Cross-checking (Minor) at 18:48
2nd period
2. Red Wings , David Krejci 3 (Carson Mcmillan 9) at 12:02
3. Red Wings , Kris Versteeg 15 (Philip Samuelsson 18, Henrik Zetterberg 21) at 12:06
Penalties :
Michael Haley (Det) for Hooking (Minor) at 6:02, Rob Scuderi (Clb) for Hooking (Minor) at 13:34
3rd period
4. Blue Jackets , Pavel Datsyuk 7 (Max Pacioretty 16, Devin Setoguchi 11) at 4:17
Penalties :
Dennis Wideman (Clb) for Roughing (Minor) at 8:14, Tyler Kennedy (Clb) for Hooking (Minor) at 13:44
Overtime #1
No Goal
Penalties :
No Penalty
Shootout
Red Wings, Kris Versteeg - Stopped by Rick DiPietro
Blue Jackets, Tyler Seguin - Stopped by Mike McKenna
Red Wings, Dylan Larkin - Stopped by Rick DiPietro
Blue Jackets, Artemi Panarin - Shot Misses the Net
Red Wings, Marko Dano - Goal!
Blue Jackets, Max Pacioretty - Stopped by Mike McKenna
Penalties :
No Penalty
Goalie Stats
Mike McKenna (Det), 24 saves from 26 shots - (0.923), W, 4-1-0, 65:00 minutes
Rick DiPietro (Clb), 35 saves from 37 shots - (0.946), OTL, 5-13-5, 65:00 minutes
Players Stats for Red Wings
Player Name G A P +/- PIM S H SB GA TA FO MP PP MP PK MP
------------------------------------------------------------------------------------
Carson Mcmillan 0 1 1 0 0 1 2 1 0 0 0/0 11:54 0:57 1:03
Connor Brown 0 0 0 0 0 3 3 1 0 1 0/0 18:08 4:33 0:00
David Krejci 1 0 1 0 0 1 1 0 0 0 1/3 11:18 0:15 0:13
David Rundblad 0 0 0 0 0 0 1 1 0 1 0/0 19:32 3:40 0:00
Drew Fata 0 0 0 0 0 2 2 2 1 0 0/0 23:08 5:28 1:12
Dylan Larkin 0 0 0 0 0 4 1 1 0 0 1/1 18:18 4:33 0:00
Henrik Zetterberg 0 1 1 1 0 4 2 0 0 0 11/19 21:17 4:12 0:00
Jiri Fischer 0 0 0 -2 0 1 0 0 0 0 0/0 17:33 0:47 0:00
Jordin Tootoo 0 0 0 -1 0 0 1 0 0 0 0/0 11:07 0:42 0:00
Kris Versteeg 1 0 1 1 0 6 0 0 0 0 2/4 22:18 4:25 1:03
Marko Dano 0 0 0 0 0 4 3 0 0 0 2/5 22:46 4:12 0:39
Michael Haley 0 0 0 0 2 1 0 0 0 0 0/0 10:24 0:28 0:00
Mike Richards 0 0 0 0 0 2 2 1 2 1 9/17 19:19 4:33 0:32
Ole-Kristian Tollefsen 0 0 0 -2 0 1 1 0 0 0 0/0 23:36 3:40 1:12
Philip Samuelsson 0 1 1 2 0 2 4 0 0 0 0/0 27:26 6:15 0:47
Ryan O'Byrne 0 0 0 2 0 0 1 0 0 2 0/0 18:19 0:00 0:47
T.J. Hensick 0 0 0 -1 0 2 0 0 0 0 0/2 10:40 0:00 0:28
Tye McGinn 0 0 0 0 0 3 1 0 0 0 0/0 10:57 0:55 0:00
Players Stats for Blue Jackets
Player Name G A P +/- PIM S H SB GA TA FO MP PP MP PK MP
------------------------------------------------------------------------------------
Artemi Panarin 0 0 0 -1 2 1 1 0 1 0 3/4 22:56 0:56 3:08
Brandon Bollig 0 0 0 0 0 0 2 0 0 1 0/0 10:57 0:00 3:30
Cam Fowler 0 0 0 -1 0 0 1 2 0 0 0/0 29:32 1:19 5:47
Dennis Wideman 0 0 0 0 2 0 0 3 0 0 0/0 21:44 0:40 3:27
Devin Setoguchi 1 1 2 2 0 4 1 0 1 1 0/0 14:13 1:03 0:00
Emerson Etem 0 0 0 0 0 0 1 0 0 0 0/0 6:58 0:00 2:06
Eric Wellwood 0 0 0 -1 2 2 0 0 0 0 0/0 14:56 0:00 0:00
Kevin Porter 0 0 0 -1 0 0 2 0 1 0 2/6 14:25 0:00 1:03
Martin Havlat 0 0 0 0 0 0 1 0 0 0 0/0 5:17 0:00 0:00
Max Pacioretty 0 1 1 2 0 1 2 1 2 0 1/3 18:09 1:03 2:56
Mike Lundin 0 0 0 -1 0 2 1 1 0 0 0/0 29:21 1:19 5:36
Pavel Datsyuk 1 1 2 2 0 7 0 0 0 0 9/16 18:21 1:03 2:59
Rob Scuderi 0 0 0 0 2 0 2 0 0 0 0/0 21:20 0:40 3:19
Ryan Wilson 0 0 0 1 0 1 1 0 0 0 0/0 13:18 0:00 0:09
Shea Theodore 0 0 0 1 0 1 0 0 0 0 0/0 14:44 0:00 1:32
T.J. Oshie 0 0 0 -1 0 2 1 0 0 0 0/0 12:49 0:00 0:00
Tyler Kennedy 0 0 0 -1 2 3 0 0 0 1 0/1 15:06 0:56 0:00
Tyler Seguin 0 0 0 -1 0 2 0 1 0 0 10/21 25:54 0:56 4:08
3 Stars
1 - Devin Setoguchi (Clb)
2 - Pavel Datsyuk (Clb)
3 - Philip Samuelsson (Det)
Power Play
Red Wings - 0 on 5 Attempt(s) - 0.00%
Blue Jackets - 0 on 1 Attempt(s) - 0.00%
Penalty Kill
Red Wings - 1 on 1 Attempt(s) - 100.00%
- Score 0 goal in Penalty Kill
Blue Jackets - 5 on 5 Attempt(s) - 100.00%
- Score 0 goal in Penalty Kill
Team Stat
Red Wings - Hits : 25 - Faceoff Wins : 26 - Blocked Shots : 7 - Penalty Minutes : 2
Blue Jackets - Hits : 16 - Faceoff Wins : 25 - Blocked Shots : 8 - Penalty Minutes : 10
Official
Referees : TJ Luxmore and Steve Kozari
Linesman : Travis Toomey and Ryan Galloway
Game Notes
No Game Note
Finance
Level 1 -- Attendance: 5646 (94.10%) -- Ticket Income $564,600
Level 2 -- Attendance: 4579 (91.58%) -- Ticket Income $274,740
Level 3 -- Attendance: 1880 (94.00%) -- Ticket Income $65,800
Level 4 -- Attendance: 3672 (91.80%) -- Ticket Income $91,800
Luxury Box -- Attendance: 973 (97.30%) -- Ticket Income $194,600
Game was played at the Nationwide arena.
Total Attendance: 16750 (93.06%)
Total Ticket Income: $1,191,540
Other Income: $178,731
Total Income: $1,370,271
Red Wings
5 vs 5 Forward
Center Left Wing Right Wing Time % Phy DF OF
1 Henrik Zetterberg Marko Dano Kris Versteeg 40 0 2 3
2 Mike Richards Dylan Larkin Connor Brown 30 0 2 3
3 T.J. Hensick Tye McGinn Jordin Tootoo 20 0 2 3
4 David Krejci Michael Haley Carson Mcmillan 10 0 3 2
5 vs 5 Defense
Defense Defense Time % Phy DF OF
1 Philip Samuelsson Ryan O'Byrne 40 0 2 3
2 Jiri Fischer Ole-Kristian Tollefsen 30 0 2 3
3 Drew Fata David Rundblad 20 0 2 3
4 Drew Fata David Rundblad 10 0 3 2
PowerPlay Forward
Center Left Wing Right Wing Time % Phy DF OF
1 Henrik Zetterberg Marko Dano Kris Versteeg 60 0 1 4
2 Mike Richards Dylan Larkin Connor Brown 40 0 1 4
PowerPlay Defense
Defense Defense Time % Phy DF OF
1 Philip Samuelsson Drew Fata 60 0 1 4
2 David Rundblad Ole-Kristian Tollefsen 40 0 1 4
Penalty Kill 4 Players Forward
Center Wing Time % Phy DF OF
1 Kris Versteeg Carson Mcmillan 60 0 4 1
2 T.J. Hensick Michael Haley 40 0 4 1
Penalty Kill 4 Players Defense
Defense Defense Time % Phy DF OF
1 Ole-Kristian Tollefsen Drew Fata 60 1 4 0
2 Philip Samuelsson Ryan O'Byrne 40 1 4 0
Penalty Kill - 3 Players Forward
Forward Time % Phy DF OF
1 Carson Mcmillan 60 1 4 0
2 Michael Haley 40 1 4 0
Penalty Kill - 3 Players Defense
Defense Defense Time % Phy DF OF
1 Ole-Kristian Tollefsen Ryan O'Byrne 60 0 5 0
2 Philip Samuelsson Drew Fata 40 0 5 0
4 vs 4 Forward
Center Wing Time % Phy DF OF
1 Henrik Zetterberg Marko Dano 55 0 2 3
2 Mike Richards Kris Versteeg 45 0 2 3
4 vs 4 Defense
Defense Defense Time % Phy DF OF
1 Philip Samuelsson Ole-Kristian Tollefsen 60 0 3 2
2 David Rundblad Jiri Fischer 40 0 3 2
Last Minutes Offensive
Center Left Wing Right Wing Defense Defense
Henrik Zetterberg Kris Versteeg Connor Brown Philip Samuelsson Marko Dano
Last Minutes Defensive
Center Left Wing Right Wing Defense Defense
T.J. Hensick Michael Haley Carson Mcmillan Ole-Kristian Tollefsen Drew Fata
Goaltenders
Starting : Mike McKenna
Backup : Robin Lehner
Extra Forwards
Normal : Dylan Larkin, Kris Versteeg, Connor Brown - PP : Tye McGinn, Carson Mcmillan - PK : Mike Richards
Extra Defensemen
Normal : Philip Samuelsson, Drew Fata, David Rundblad - PP : David Rundblad - PK : Jiri Fischer, David Rundblad
Penalty Shots
Kris Versteeg, Dylan Larkin, Marko Dano, Mike Richards, Carson Mcmillan
Scratches
Jakub Kindl (Healthy), Nino Niederreiter (Healthy), Ryane Clowe (Healthy)
Blue Jackets
5 vs 5 Forward
Center Left Wing Right Wing Time % Phy DF OF
1 Tyler Seguin Artemi Panarin Tyler Kennedy 40 1 2 2
2 Pavel Datsyuk Max Pacioretty Devin Setoguchi 30 1 2 2
3 Kevin Porter Eric Wellwood T.J. Oshie 20 1 2 2
4 Tyler Seguin Brandon Bollig Martin Havlat 10 1 2 2
5 vs 5 Defense
Defense Defense Time % Phy DF OF
1 Mike Lundin Cam Fowler 40 1 2 2
2 Rob Scuderi Dennis Wideman 30 1 2 2
3 Ryan Wilson Shea Theodore 20 1 2 2
4 Mike Lundin Cam Fowler 10 1 2 2
PowerPlay Forward
Center Left Wing Right Wing Time % Phy DF OF
1 Tyler Seguin Artemi Panarin Tyler Kennedy 60 1 2 2
2 Pavel Datsyuk Max Pacioretty Devin Setoguchi 40 1 2 2
PowerPlay Defense
Defense Defense Time % Phy DF OF
1 Mike Lundin Cam Fowler 60 1 2 2
2 Rob Scuderi Dennis Wideman 40 1 2 2
Penalty Kill 4 Players Forward
Center Wing Time % Phy DF OF
1 Tyler Seguin Artemi Panarin 60 1 2 2
2 Max Pacioretty Pavel Datsyuk 40 1 2 2
Penalty Kill 4 Players Defense
Defense Defense Time % Phy DF OF
1 Mike Lundin Cam Fowler 60 1 2 2
2 Rob Scuderi Dennis Wideman 40 1 2 2
Penalty Kill - 3 Players Forward
Forward Time % Phy DF OF
1 Tyler Seguin 60 1 2 2
2 Artemi Panarin 40 1 2 2
Penalty Kill - 3 Players Defense
Defense Defense Time % Phy DF OF
1 Mike Lundin Cam Fowler 60 1 2 2
2 Rob Scuderi Dennis Wideman 40 1 2 2
4 vs 4 Forward
Center Wing Time % Phy DF OF
1 Tyler Seguin Artemi Panarin 60 1 2 2
2 Max Pacioretty Pavel Datsyuk 40 1 2 2
4 vs 4 Defense
Defense Defense Time % Phy DF OF
1 Mike Lundin Cam Fowler 60 1 2 2
2 Rob Scuderi Dennis Wideman 40 1 2 2
Last Minutes Offensive
Center Left Wing Right Wing Defense Defense
Tyler Seguin Artemi Panarin Tyler Kennedy Mike Lundin Cam Fowler
Last Minutes Defensive
Center Left Wing Right Wing Defense Defense
Tyler Seguin Artemi Panarin Tyler Kennedy Mike Lundin Cam Fowler
Goaltenders
Starting : Rick DiPietro
Backup : Jonas Gustavsson
Extra Forwards
Normal : Emerson Etem, Eric Wellwood, Brandon Bollig - PP : Emerson Etem, Eric Wellwood - PK : Brandon Bollig
Extra Defensemen
Normal : Ryan Wilson, Shea Theodore, Rob Scuderi - PP : Ryan Wilson - PK : Shea Theodore, Rob Scuderi
Penalty Shots
Tyler Seguin, Artemi Panarin, Max Pacioretty, Pavel Datsyuk, Tyler Kennedy
Scratches
Andreas Nodl (Healthy), Colton Parayko (Facial Surgery Injury), Darroll Powe (Healthy), Zac Dalpe (Torso Injury)
% Time on Ice - Red Wings
Lines # - Real PCT - Wanted PCT - Time Play
Normal Forward
1 - 33% - 40% - 15:57
2 - 28% - 30% - 13:14
3 - 21% - 20% - 10:12
4 - 18% - 10% - 8:43
Normal Defense
1 - 41% - 40% - 19:41
2 - 32% - 30% - 15:14
3 - 20% - 20% - 9:40
4 - 7% - 10% - 3:31
PP Forward
1 - 50% - 60% - 4:59
2 - 50% - 40% - 4:56
PP Defense
1 - 63% - 60% - 6:15
2 - 37% - 40% - 3:40
PK Forward
1 - 76% - 60% - 1:31
2 - 24% - 40% - 0:28
PK Defense
1 - 61% - 60% - 1:12
2 - 39% - 40% - 0:47
PK3 Forward
1 - 0% - 60%
2 - 0% - 40%
PK3 Defense
1 - 0% - 60%
2 - 0% - 40%
44 Forward
1 - 68% - 55% - 3:24
2 - 32% - 45% - 1:36
44 Defense
1 - 51% - 60% - 2:33
2 - 49% - 40% - 2:27
Last Minute Offensive - 0:00
Last Minute Defensive - 0:00
Total
Forward - 65:00
Defense - 65:00
|
% Time on Ice - Blue Jackets
Lines # - Real PCT - Wanted PCT - Time Play
Normal Forward
1 - 35% - 40% - 16:48
2 - 30% - 30% - 14:24
3 - 26% - 20% - 12:39
4 - 9% - 10% - 4:15
Normal Defense
1 - 38% - 40% - 18:31
2 - 32% - 30% - 15:29
3 - 26% - 20% - 12:39
4 - 3% - 10% - 1:27
PP Forward
1 - 47% - 60% - 0:56
2 - 53% - 40% - 1:03
PP Defense
1 - 66% - 60% - 1:19
2 - 34% - 40% - 0:40
PK Forward
1 - 70% - 60% - 6:59
2 - 30% - 40% - 2:56
PK Defense
1 - 58% - 60% - 5:47
2 - 42% - 40% - 4:08
PK3 Forward
1 - 0% - 60%
2 - 0% - 40%
PK3 Defense
1 - 0% - 60%
2 - 0% - 40%
44 Forward
1 - 77% - 60% - 3:51
2 - 23% - 40% - 1:09
44 Defense
1 - 57% - 60% - 2:52
2 - 43% - 40% - 2:08
Last Minute Offensive - 0:00
Last Minute Defensive - 0:00
Total
Forward - 65:00
Defense - 65:00
|
Play-by-Play
1st period
0:01 of 1st period - Tyler Seguin wins face-off versus Marko Dano in neutral zone.
0:04 of 1st period - Philip Samuelsson is hit by Cam Fowler and loses puck.
0:27 of 1st period - Ryan O'Byrne is hit by Kevin Porter and loses puck.
2:35 of 1st period - Wrist shot by Artemi Panarin.
2:35 of 1st period - Shot Blocked by Carson Mcmillan.
2:45 of 1st period - Snap shot by Connor Brown.
2:45 of 1st period - Stopped by Rick DiPietro with a rebound.
3:33 of 1st period - Snap shot by Marko Dano.
3:33 of 1st period - Deflect By Henrik Zetterberg.
3:33 of 1st period - Stopped by Rick DiPietro with a rebound.
4:26 of 1st period - Wrist shot by Mike Richards.
4:26 of 1st period - Stopped by Rick DiPietro without a rebound.
4:27 of 1st period - Pavel Datsyuk wins face-off versus Henrik Zetterberg in Blue Jackets zone.
4:34 of 1st period - Snap shot by Kris Versteeg.
4:34 of 1st period - Stopped by Rick DiPietro with a rebound.
4:54 of 1st period - Mike Richards is hit by Rob Scuderi and loses puck.
5:01 of 1st period - Slapshot by Tyler Kennedy.
5:01 of 1st period - Stopped by Mike McKenna with a rebound.
5:35 of 1st period - Snap shot by Tye McGinn.
5:35 of 1st period - Stopped by Rick DiPietro without a rebound.
5:36 of 1st period - Pavel Datsyuk wins face-off versus David Krejci in Blue Jackets zone.
5:41 of 1st period - Snap shot by David Krejci.
5:41 of 1st period - Deflect By Michael Haley.
5:41 of 1st period - Shot Misses the Net.
5:41 of 1st period - Puck is out of play.
5:42 of 1st period - Marko Dano wins face-off versus Tyler Seguin in Blue Jackets zone.
5:51 of 1st period - Wrist shot by Marko Dano.
5:51 of 1st period - Stopped by Rick DiPietro without a rebound.
5:52 of 1st period - Henrik Zetterberg wins face-off versus Tyler Kennedy in Blue Jackets zone.
6:51 of 1st period - Tyler Kennedy is hit by Marko Dano and loses puck.
7:06 of 1st period - Wrist shot by Tyler Seguin.
7:06 of 1st period - Shot Blocked by David Rundblad.
7:29 of 1st period - Snap shot by Marko Dano.
7:29 of 1st period - Stopped by Rick DiPietro with a rebound.
7:31 of 1st period - Slapshot by Drew Fata.
7:31 of 1st period - Stopped by Rick DiPietro with a rebound.
7:39 of 1st period - Wrist shot by Henrik Zetterberg.
7:39 of 1st period - Shot Blocked by Cam Fowler.
7:41 of 1st period - Backhand shot by Drew Fata.
7:41 of 1st period - Deflect By Mike Lundin.
7:41 of 1st period - Stopped by Rick DiPietro with a rebound.
7:43 of 1st period - Snap shot by Henrik Zetterberg.
7:43 of 1st period - Deflect By Marko Dano.
7:43 of 1st period - Stopped by Rick DiPietro with a rebound.
7:45 of 1st period - Slapshot by Drew Fata.
7:45 of 1st period - Shot Misses the Net.
8:01 of 1st period - Cam Fowler is hit by Drew Fata and loses puck.
8:22 of 1st period - Snap shot by Henrik Zetterberg.
8:22 of 1st period - Stopped by Rick DiPietro with a rebound.
8:28 of 1st period - Snap shot by Marko Dano.
8:28 of 1st period - Stopped by Rick DiPietro without a rebound.
8:29 of 1st period - Mike Richards wins face-off versus Pavel Datsyuk in Blue Jackets zone.
8:46 of 1st period - Slapshot by Dylan Larkin.
8:46 of 1st period - Stopped by Rick DiPietro without a rebound.
8:47 of 1st period - Kevin Porter wins face-off versus T.J. Hensick in Blue Jackets zone.
8:49 of 1st period - Minor Penalty to Eric Wellwood for Tripping.
8:50 of 1st period - Mike Richards wins face-off versus Max Pacioretty in Blue Jackets zone.
9:04 of 1st period - Wrist shot by Mike Richards.
9:04 of 1st period - Stopped by Rick DiPietro without a rebound.
9:05 of 1st period - Max Pacioretty wins face-off versus Mike Richards in Blue Jackets zone.
9:30 of 1st period - Jiri Fischer is hit by Brandon Bollig and loses puck.
9:59 of 1st period - Kevin Porter is hit by Ole-Kristian Tollefsen and loses puck.
10:28 of 1st period - Kevin Porter is hit by Philip Samuelsson and loses puck.
10:49 of 1st period - Penalty to Eric Wellwood is over, Eric Wellwood is back on ice.
11:00 of 1st period - Icing by Max Pacioretty.
11:01 of 1st period - Pavel Datsyuk wins face-off versus T.J. Hensick in Blue Jackets zone.
11:06 of 1st period - Snap shot by Devin Setoguchi.
11:06 of 1st period - Goal by Devin Setoguchi - Red Wings : 0 - Blue Jackets : 1.
11:07 of 1st period - Mike Richards wins face-off versus Pavel Datsyuk in neutral zone.
11:47 of 1st period - Snap shot by Pavel Datsyuk.
11:47 of 1st period - Shot Misses the Net.
11:49 of 1st period - Slapshot by Devin Setoguchi.
11:49 of 1st period - Stopped by Mike McKenna with a rebound.
11:51 of 1st period - Slapshot by Max Pacioretty.
11:51 of 1st period - Deflect By Pavel Datsyuk.
11:51 of 1st period - Stopped by Mike McKenna without a rebound.
11:52 of 1st period - Dylan Larkin wins face-off versus Kevin Porter in Red Wings zone.
11:52 of 1st period - Dylan Larkin is hit by Kevin Porter.
13:44 of 1st period - Slapshot by Kris Versteeg.
13:44 of 1st period - Stopped by Rick DiPietro with a rebound.
14:58 of 1st period - Pavel Datsyuk is hit by Henrik Zetterberg.
15:16 of 1st period - Drew Fata is hit by Artemi Panarin and loses puck.
15:25 of 1st period - Wrist shot by T.J. Hensick.
15:25 of 1st period - Stopped by Rick DiPietro without a rebound.
15:26 of 1st period - Mike Richards wins face-off versus Kevin Porter in Blue Jackets zone.
15:27 of 1st period - Wrist shot by Connor Brown.
15:27 of 1st period - Shot Misses the Net.
15:29 of 1st period - Wrist shot by Dylan Larkin.
15:29 of 1st period - Deflect By Mike Richards.
15:29 of 1st period - Shot Blocked by Dennis Wideman.
15:29 of 1st period - Puck is out of play.
15:30 of 1st period - Kevin Porter wins face-off versus Mike Richards in Blue Jackets zone.
15:30 of 1st period - Kevin Porter is hit by Philip Samuelsson.
15:38 of 1st period - Slapshot by Dennis Wideman.
15:38 of 1st period - Shot Blocked by Connor Brown.
16:36 of 1st period - Snap shot by Eric Wellwood.
16:36 of 1st period - Shot Misses the Net.
16:38 of 1st period - Slapshot by Mike Lundin.
16:38 of 1st period - Stopped by Mike McKenna with a rebound.
16:40 of 1st period - Snap shot by T.J. Oshie.
16:40 of 1st period - Stopped by Mike McKenna with a rebound.
16:54 of 1st period - Snap shot by T.J. Oshie.
16:54 of 1st period - Shot Misses the Net.
16:56 of 1st period - Wrist shot by T.J. Oshie.
16:56 of 1st period - Stopped by Mike McKenna with a rebound.
17:06 of 1st period - David Rundblad is hit by Ryan Wilson and loses puck.
17:13 of 1st period - Slapshot by Eric Wellwood.
17:13 of 1st period - Shot Blocked by Drew Fata.
17:25 of 1st period - Slapshot by Michael Haley.
17:25 of 1st period - Stopped by Rick DiPietro without a rebound.
17:26 of 1st period - Artemi Panarin wins face-off versus Mike Richards in Blue Jackets zone.
17:33 of 1st period - Slapshot by Tyler Seguin.
17:33 of 1st period - Deflect By Artemi Panarin.
17:33 of 1st period - Shot Misses the Net.
17:33 of 1st period - Puck is out of play.
17:34 of 1st period - Artemi Panarin wins face-off versus Mike Richards in Red Wings zone.
17:59 of 1st period - Wrist shot by Connor Brown.
17:59 of 1st period - Stopped by Rick DiPietro with a rebound.
18:35 of 1st period - Slapshot by Mike Richards.
18:35 of 1st period - Shot Blocked by Tyler Seguin.
18:48 of 1st period - Minor Penalty to Artemi Panarin for Cross-checking.
18:49 of 1st period - Henrik Zetterberg wins face-off versus Max Pacioretty in Blue Jackets zone.
19:01 of 1st period - Snap shot by Cam Fowler.
19:01 of 1st period - Shot Misses the Net.
Goals for this period are 0 for Red Wings vs 1 for Blue Jackets.
Shots for this period are 18 for Red Wings vs 7 for Blue Jackets.
2nd period
0:01 of 2nd period - Henrik Zetterberg wins face-off versus Tyler Seguin in neutral zone.
0:17 of 2nd period - Slapshot by Philip Samuelsson.
0:17 of 2nd period - Deflect By Cam Fowler.
0:17 of 2nd period - Stopped by Rick DiPietro without a rebound.
0:18 of 2nd period - Tyler Seguin wins face-off versus Mike Richards in Blue Jackets zone.
0:48 of 2nd period - Penalty to Artemi Panarin is over, Artemi Panarin is back on ice.
1:16 of 2nd period - Wrist shot by Tyler Seguin.
1:16 of 2nd period - Stopped by Mike McKenna with a rebound.
1:39 of 2nd period - Slapshot by Mike Richards.
1:39 of 2nd period - Shot Misses the Net.
2:25 of 2nd period - Snap shot by Dylan Larkin.
2:25 of 2nd period - Stopped by Rick DiPietro with a rebound.
2:33 of 2nd period - Snap shot by Connor Brown.
2:33 of 2nd period - Deflect By Dylan Larkin.
2:33 of 2nd period - Stopped by Rick DiPietro without a rebound.
2:34 of 2nd period - Pavel Datsyuk wins face-off versus Henrik Zetterberg in Blue Jackets zone.
2:42 of 2nd period - Snap shot by Pavel Datsyuk.
2:42 of 2nd period - Stopped by Mike McKenna with a rebound.
2:50 of 2nd period - Wrist shot by Pavel Datsyuk.
2:50 of 2nd period - Stopped by Mike McKenna with a rebound.
3:32 of 2nd period - Snap shot by Marko Dano.
3:32 of 2nd period - Shot Misses the Net.
5:24 of 2nd period - Icing by Emerson Etem.
5:25 of 2nd period - Marko Dano wins face-off versus Pavel Datsyuk in Blue Jackets zone.
5:51 of 2nd period - Tyler Seguin is hit by Philip Samuelsson.
6:02 of 2nd period - Minor Penalty to Michael Haley for Hooking.
6:03 of 2nd period - Pavel Datsyuk wins face-off versus Kris Versteeg in Red Wings zone.
6:08 of 2nd period - Snap shot by Devin Setoguchi.
6:08 of 2nd period - Stopped by Mike McKenna without a rebound.
6:09 of 2nd period - Pavel Datsyuk wins face-off versus Kris Versteeg in Red Wings zone.
6:40 of 2nd period - Snap shot by Tyler Kennedy.
6:40 of 2nd period - Stopped by Mike McKenna with a rebound.
6:42 of 2nd period - Snap shot by Mike Lundin.
6:42 of 2nd period - Stopped by Mike McKenna with a rebound.
7:22 of 2nd period - Dennis Wideman is hit by Ryan O'Byrne and loses puck.
8:02 of 2nd period - Penalty to Michael Haley is over, Michael Haley is back on ice.
9:11 of 2nd period - Wrist shot by Jordin Tootoo.
9:11 of 2nd period - Deflect By T.J. Hensick.
9:11 of 2nd period - Shot Blocked by Dennis Wideman.
9:11 of 2nd period - Puck is out of play.
9:12 of 2nd period - Pavel Datsyuk wins face-off versus Mike Richards in Blue Jackets zone.
9:58 of 2nd period - Kevin Porter is hit by Philip Samuelsson and loses puck.
10:11 of 2nd period - Wrist shot by Jordin Tootoo.
10:11 of 2nd period - Shot Misses the Net.
10:13 of 2nd period - Slapshot by Philip Samuelsson.
10:13 of 2nd period - Shot Misses the Net.
10:15 of 2nd period - Snap shot by Philip Samuelsson.
10:15 of 2nd period - Stopped by Rick DiPietro without a rebound.
10:16 of 2nd period - Tyler Seguin wins face-off versus Mike Richards in Blue Jackets zone.
10:51 of 2nd period - Snap shot by Pavel Datsyuk.
10:51 of 2nd period - Stopped by Mike McKenna with a rebound.
12:02 of 2nd period - Snap shot by David Krejci.
12:02 of 2nd period - Goal by David Krejci - Red Wings : 1 - Blue Jackets : 1.
12:03 of 2nd period - Henrik Zetterberg wins face-off versus Tyler Seguin in neutral zone.
12:06 of 2nd period - Slapshot by Philip Samuelsson.
12:06 of 2nd period - Deflect By Kris Versteeg.
12:06 of 2nd period - Goal by Kris Versteeg - Red Wings : 2 - Blue Jackets : 1.
12:07 of 2nd period - Henrik Zetterberg wins face-off versus Tyler Seguin in neutral zone.
13:02 of 2nd period - Slapshot by Jordin Tootoo.
13:02 of 2nd period - Deflect By Tye McGinn.
13:02 of 2nd period - Stopped by Rick DiPietro with a rebound.
13:04 of 2nd period - Slapshot by T.J. Hensick.
13:04 of 2nd period - Shot Blocked by Dennis Wideman.
13:34 of 2nd period - Minor Penalty to Rob Scuderi for Hooking.
13:35 of 2nd period - Tyler Seguin wins face-off versus Marko Dano in Blue Jackets zone.
14:02 of 2nd period - Cam Fowler is hit by Connor Brown and loses puck.
14:32 of 2nd period - Pavel Datsyuk is hit by Marko Dano and loses puck.
15:00 of 2nd period - Cam Fowler is hit by Henrik Zetterberg and loses puck.
15:34 of 2nd period - Penalty to Rob Scuderi is over, Rob Scuderi is back on ice.
15:37 of 2nd period - Artemi Panarin is hit by Jordin Tootoo and loses puck.
16:13 of 2nd period - David Krejci is hit by Rob Scuderi and loses puck.
16:28 of 2nd period - Ryan O'Byrne is hit by Mike Lundin and loses puck.
17:15 of 2nd period - Michael Haley is hit by Max Pacioretty and loses puck.
18:00 of 2nd period - Michael Haley is hit by Brandon Bollig and loses puck.
18:29 of 2nd period - Rob Scuderi is hit by Connor Brown and loses puck.
19:51 of 2nd period - Slapshot by Jordin Tootoo.
19:51 of 2nd period - Shot Misses the Net.
19:53 of 2nd period - Wrist shot by Tye McGinn.
19:53 of 2nd period - Stopped by Rick DiPietro without a rebound.
19:54 of 2nd period - Pavel Datsyuk wins face-off versus Mike Richards in Blue Jackets zone.
19:54 of 2nd period - Pavel Datsyuk is hit by Mike Richards.
Goals for this period are 2 for Red Wings vs 0 for Blue Jackets.
Shots for this period are 8 for Red Wings vs 7 for Blue Jackets.
3rd period
0:01 of 3rd period - Tyler Seguin wins face-off versus Henrik Zetterberg in neutral zone.
0:06 of 3rd period - Snap shot by Tyler Kennedy.
0:06 of 3rd period - Deflect By Tyler Seguin.
0:06 of 3rd period - Stopped by Mike McKenna without a rebound.
0:07 of 3rd period - Kris Versteeg wins face-off versus Tyler Seguin in Red Wings zone.
0:16 of 3rd period - Mike Lundin is hit by Marko Dano and loses puck.
0:38 of 3rd period - Off-side.
0:39 of 3rd period - Mike Richards wins face-off versus Pavel Datsyuk in neutral zone.
0:42 of 3rd period - Wrist shot by Dylan Larkin.
0:42 of 3rd period - Stopped by Rick DiPietro with a rebound.
0:44 of 3rd period - Slapshot by Ole-Kristian Tollefsen.
0:44 of 3rd period - Deflect By Max Pacioretty.
0:44 of 3rd period - Stopped by Rick DiPietro with a rebound.
1:51 of 3rd period - Slapshot by Cam Fowler.
1:51 of 3rd period - Shot Misses the Net.
1:53 of 3rd period - Snap shot by Pavel Datsyuk.
1:53 of 3rd period - Stopped by Mike McKenna without a rebound.
1:54 of 3rd period - Pavel Datsyuk wins face-off versus David Krejci in Red Wings zone.
1:59 of 3rd period - Slapshot by Devin Setoguchi.
1:59 of 3rd period - Stopped by Mike McKenna with a rebound.
2:01 of 3rd period - Slapshot by Pavel Datsyuk.
2:01 of 3rd period - Stopped by Mike McKenna with a rebound.
2:03 of 3rd period - Slapshot by Ryan Wilson.
2:03 of 3rd period - Shot Misses the Net.
2:05 of 3rd period - Wrist shot by Pavel Datsyuk.
2:05 of 3rd period - Shot Misses the Net.
2:07 of 3rd period - Slapshot by Ryan Wilson.
2:07 of 3rd period - Stopped by Mike McKenna with a rebound.
2:21 of 3rd period - Snap shot by Henrik Zetterberg.
2:21 of 3rd period - Stopped by Rick DiPietro without a rebound.
2:22 of 3rd period - Henrik Zetterberg wins face-off versus Tyler Seguin in Blue Jackets zone.
3:26 of 3rd period - Wrist shot by Tyler Kennedy.
3:26 of 3rd period - Stopped by Mike McKenna without a rebound.
3:27 of 3rd period - Mike Richards wins face-off versus Pavel Datsyuk in Red Wings zone.
3:54 of 3rd period - Devin Setoguchi is hit by Carson Mcmillan and loses puck.
4:15 of 3rd period - Slapshot by Max Pacioretty.
4:15 of 3rd period - Shot Misses the Net.
4:17 of 3rd period - Backhand shot by Pavel Datsyuk.
4:17 of 3rd period - Goal by Pavel Datsyuk - Red Wings : 2 - Blue Jackets : 2.
4:18 of 3rd period - Tyler Seguin wins face-off versus Henrik Zetterberg in neutral zone.
4:23 of 3rd period - Slapshot by Artemi Panarin.
4:23 of 3rd period - Shot Misses the Net.
4:45 of 3rd period - Cam Fowler is hit by Dylan Larkin and loses puck.
5:27 of 3rd period - Snap shot by David Krejci.
5:27 of 3rd period - Shot Misses the Net.
5:31 of 3rd period - Slapshot by Carson Mcmillan.
5:31 of 3rd period - Stopped by Rick DiPietro without a rebound.
5:32 of 3rd period - Artemi Panarin wins face-off versus Marko Dano in Blue Jackets zone.
6:01 of 3rd period - Snap shot by Max Pacioretty.
6:01 of 3rd period - Shot Blocked by Dylan Larkin.
6:10 of 3rd period - Off-side.
6:11 of 3rd period - Kris Versteeg wins face-off versus Kevin Porter in neutral zone.
6:57 of 3rd period - Snap shot by Eric Wellwood.
6:57 of 3rd period - Stopped by Mike McKenna with a rebound.
7:19 of 3rd period - Wrist shot by T.J. Hensick.
7:19 of 3rd period - Stopped by Rick DiPietro with a rebound.
7:24 of 3rd period - Icing by Mike Lundin.
7:25 of 3rd period - Henrik Zetterberg wins face-off versus Kevin Porter in Blue Jackets zone.
7:40 of 3rd period - Wrist shot by Kevin Porter.
7:40 of 3rd period - Shot Blocked by Drew Fata.
7:51 of 3rd period - Off-side.
7:52 of 3rd period - Mike Richards wins face-off versus Tyler Seguin in neutral zone.
8:14 of 3rd period - Minor Penalty to Dennis Wideman for Roughing.
8:15 of 3rd period - Henrik Zetterberg wins face-off versus Tyler Seguin in Blue Jackets zone.
8:57 of 3rd period - Slapshot by Max Pacioretty.
8:57 of 3rd period - Stopped by Mike McKenna with a rebound.
8:59 of 3rd period - Wrist shot by Shea Theodore.
8:59 of 3rd period - Stopped by Mike McKenna without a rebound.
9:00 of 3rd period - Tyler Seguin wins face-off versus Henrik Zetterberg in Red Wings zone.
9:01 of 3rd period - Wrist shot by Artemi Panarin.
9:01 of 3rd period - Stopped by Mike McKenna with a rebound.
9:13 of 3rd period - Snap shot by Marko Dano.
9:13 of 3rd period - Shot Misses the Net.
9:15 of 3rd period - Wrist shot by Kris Versteeg.
9:15 of 3rd period - Shot Misses the Net.
10:14 of 3rd period - Penalty to Dennis Wideman is over, Dennis Wideman is back on ice.
10:42 of 3rd period - T.J. Hensick is hit by Devin Setoguchi and loses puck.
11:01 of 3rd period - Ole-Kristian Tollefsen is hit by Martin Havlat and loses puck.
11:14 of 3rd period - Wrist shot by Connor Brown.
11:14 of 3rd period - Shot Blocked by Mike Lundin.
11:57 of 3rd period - Kevin Porter is hit by Carson Mcmillan and loses puck.
12:04 of 3rd period - David Krejci is hit by T.J. Oshie.
12:05 of 3rd period - Icing by David Krejci.
12:06 of 3rd period - David Krejci wins face-off versus Pavel Datsyuk in Red Wings zone.
13:05 of 3rd period - Slapshot by Eric Wellwood.
13:05 of 3rd period - Stopped by Mike McKenna without a rebound.
13:06 of 3rd period - Henrik Zetterberg wins face-off versus Pavel Datsyuk in Red Wings zone.
13:15 of 3rd period - Snap shot by Kris Versteeg.
13:15 of 3rd period - Stopped by Rick DiPietro with a rebound.
13:17 of 3rd period - Backhand shot by Ryan O'Byrne.
13:17 of 3rd period - Shot Blocked by Cam Fowler.
13:19 of 3rd period - Wrist shot by Marko Dano.
13:19 of 3rd period - Shot Misses the Net.
13:21 of 3rd period - Snap shot by Marko Dano.
13:21 of 3rd period - Shot Blocked by Max Pacioretty.
13:23 of 3rd period - Slapshot by Henrik Zetterberg.
13:23 of 3rd period - Stopped by Rick DiPietro without a rebound.
13:24 of 3rd period - Mike Richards wins face-off versus Tyler Seguin in Blue Jackets zone.
13:37 of 3rd period - Snap shot by Connor Brown.
13:37 of 3rd period - Stopped by Rick DiPietro without a rebound.
13:38 of 3rd period - Tyler Seguin wins face-off versus Henrik Zetterberg in Blue Jackets zone.
13:44 of 3rd period - Minor Penalty to Tyler Kennedy for Hooking.
13:45 of 3rd period - Henrik Zetterberg wins face-off versus Tyler Seguin in Blue Jackets zone.
15:44 of 3rd period - Penalty to Tyler Kennedy is over, Tyler Kennedy is back on ice.
16:02 of 3rd period - Tyler Kennedy is hit by David Krejci and loses puck.
16:07 of 3rd period - Snap shot by Carson Mcmillan.
16:07 of 3rd period - Shot Misses the Net.
16:54 of 3rd period - Philip Samuelsson is hit by Emerson Etem and loses puck.
17:39 of 3rd period - Ryan Wilson is hit by Drew Fata.
17:59 of 3rd period - Snap shot by Artemi Panarin.
17:59 of 3rd period - Shot Blocked by Mike Richards.
18:33 of 3rd period - Rob Scuderi is hit by Tye McGinn and loses puck.
Goals for this period are 0 for Red Wings vs 1 for Blue Jackets.
Shots for this period are 8 for Red Wings vs 12 for Blue Jackets.
Overtime #1
0:01 of 1st overtime period - Tyler Seguin wins face-off versus Henrik Zetterberg in neutral zone.
0:10 of 1st overtime period - Snap shot by Tyler Seguin.
0:10 of 1st overtime period - Deflect By Artemi Panarin.
0:10 of 1st overtime period - Shot Misses the Net.
0:10 of 1st overtime period - Puck is out of play.
0:11 of 1st overtime period - Henrik Zetterberg wins face-off versus Artemi Panarin in Red Wings zone.
0:46 of 1st overtime period - Backhand shot by Jiri Fischer.
0:46 of 1st overtime period - Stopped by Rick DiPietro with a rebound.
0:48 of 1st overtime period - Snap shot by Kris Versteeg.
0:48 of 1st overtime period - Stopped by Rick DiPietro without a rebound.
0:49 of 1st overtime period - Mike Richards wins face-off versus Tyler Seguin in Blue Jackets zone.
0:50 of 1st overtime period - Slapshot by Kris Versteeg.
0:50 of 1st overtime period - Deflect By Artemi Panarin.
0:50 of 1st overtime period - Stopped by Rick DiPietro without a rebound.
0:51 of 1st overtime period - Tyler Seguin wins face-off versus Henrik Zetterberg in Blue Jackets zone.
2:09 of 1st overtime period - Cam Fowler is hit by Mike Richards and loses puck.
2:53 of 1st overtime period - Rob Scuderi is hit by Connor Brown and loses puck.
3:10 of 1st overtime period - Artemi Panarin is hit by David Rundblad and loses puck.
3:27 of 1st overtime period - David Rundblad is hit by Max Pacioretty and loses puck.
Goals for this period are 0 for Red Wings vs 0 for Blue Jackets.
Shots for this period are 3 for Red Wings vs 0 for Blue Jackets.
ShootOut
5:00 of 1st overtime period - Round #1.
5:00 of 1st overtime period - Red Wings, Kris Versteeg.
5:00 of 1st overtime period - Snap shot by Kris Versteeg.
5:00 of 1st overtime period - Stopped by Rick DiPietro.
5:00 of 1st overtime period - Blue Jackets, Tyler Seguin.
5:00 of 1st overtime period - Backhand shot by Tyler Seguin.
5:00 of 1st overtime period - Stopped by Mike McKenna.
5:00 of 1st overtime period - Round #2.
5:00 of 1st overtime period - Red Wings, Dylan Larkin.
5:00 of 1st overtime period - Wrist shot by Dylan Larkin.
5:00 of 1st overtime period - Stopped by Rick DiPietro.
5:00 of 1st overtime period - Blue Jackets, Artemi Panarin.
5:00 of 1st overtime period - Deke by Artemi Panarin.
5:00 of 1st overtime period - Shot Misses the Net.
5:00 of 1st overtime period - Round #3.
5:00 of 1st overtime period - Red Wings, Marko Dano.
5:00 of 1st overtime period - Wrist shot by Marko Dano.
5:00 of 1st overtime period - Goal by Marko Dano.
5:00 of 1st overtime period - Blue Jackets, Max Pacioretty.
5:00 of 1st overtime period - Deke by Max Pacioretty.
5:00 of 1st overtime period - Stopped by Mike McKenna.
Output by the SimonT Hockey Simulator (STHS) for Francois Prevost